Selects Air and Sea Battlegroup
Construct Section Command Post
Construct Platoon Command Post
Selects Commando Section Paradrop
Commando Section Paradrop
Unlock Bishop Self-propelled Artillery
Bishop Self-propelled Artillery
Selects Commando Support Section Paradrop
Bishop Self-propelled Artillery
Selects Incendiary Bombing Run
Construct Company Command Post
Unlock M3 Grant Medium Tanks
6-pounder Anti-tank Gun Team
Commando Section Paradrop
Selects Naval Bombardment
Commando Section Paradrop
Commando Support Section Paradrop
Unlock Towed 17-pounder Anti-tank Guns
17-pounder Anti-tank Gun Team